 Dungeon Crawl Stone Soup version 0.28-a0-1624-g820543e53a (webtiles) character file.

Game seed: 3157213532346006287

2 HallandMoats the Skirmisher (level 1, 0/19 HPs)
             Began as a Ghoul Fighter on Jan 24, 2022.
             Slain by a goblin (19 damage)
             ... on level 1 of the Dungeon.
             The game lasted 00:00:12 (204 turns).

HallandMoats the Skirmisher (Ghoul Fighter)          Turns: 204, Time: 00:00:12

Health: 0/19       AC:  6    Str: 19    XL:     1   Next: 40%
Magic:  0/0        EV:  9    Int:  3    God:
Gold:   14         SH:  4    Dex:  8    Spells: 0/0 levels left

rFire   . . .      SeeInvis .     - Unarmed
rCold   + . .      Faith    .   b - +0 buckler
rNeg    + + +      Spirit   .   a - +0 scale mail
rPois   ∞          Reflect  .   (no helmet)
rElec   .          Harm     .   (no cloak)
rCorr   .          Rampage  .   (no gloves)
Will    .....                   (no boots)
Stlth   ..........              (no amulet)
HPRegen 0.00/turn               (no ring)
MPRegen 0.07/turn               (no ring)

@: inhibited regen
A: claws 1, cold resistance 1, negative energy resistance 3, inhibited
regeneration, torment resistance 2
a: no special abilities


You were on level 1 of the Dungeon.
You visited 1 branch of the dungeon, and saw 1 of its levels.

You collected 14 gold pieces.

Inventory:

Armour
 a - a +0 scale mail (worn)
 b - a +0 buckler (worn)
Scrolls
 d - a scroll of teleportation {unknown}
 e - a scroll of identify {unknown}
Potions
 c - a potion of might


   Skills:
 * Level 3.3 Fighting
 + Level 2.7 Armour
 + Level 0.1 Dodging
 + Level 2.7 Shields
 * Level 2.3 Unarmed Combat


You couldn't memorise any spells.
You didn't know any spells.
Your spell library was empty.

Dungeon Overview and Level Annotations

Branches:
Dungeon (1/15)

Altars:


Innate Abilities, Weirdness & Mutations

You thrive by killing the living.
You are immune to poison.
You have sharp fingernails.
Your flesh is cold resistant. (rC+)
You are immune to negative energy. (rN+++)
You do not regenerate when monsters are visible.
You are immune to unholy pain and torment.


Message History

No target in view!
No target in view!
No target in view!
No target in view!
No target in view!
No target in view!
Found 21 stones.
As you open the door, it creaks loudly!
There is an open door here.
There is a staircase leading out of the dungeon here.
As you open the door, it creaks loudly!
Found a scroll labelled URINNYBIM.
No target in view!
No target in view!
No target in view!
No target in view!
No target in view!
No target in view!
No target in view!
No target in view!
No target in view!
Found a stone staircase leading down.
There is an open door here.
d - a scroll labelled URINNYBIM
There is a stone staircase leading down here.
Found a stone staircase leading down.
You now have 14 gold pieces (gained 6).
Found a spear.
No target in view!
e - a scroll labelled KUUL ZAEDURE A goblin comes into view.
It is wielding a +1 dagger of electrocution.
The goblin shouts!
A goblin is nearby!
A goblin is nearby!
A goblin is nearby!
A goblin is nearby!
You closely miss the goblin. The goblin hits you but does no damage.
You are electrocuted!!
Ouch! That really hurt!
You die...

#. #..# #. ###
#.####.)#####. #..
#..........>. #.#
##.##.######. ##..
##...# #..## ##.##
#...## ##..#
#..#.###.#.#
#.@##.....♣♣
#.g###.....♣
....##..........
..##.##..♣.........
...
..#..♣♣......... ..
...... .......... .
...... ..........
...... .....####..


You could see a goblin.

Vanquished Creatures
  2 kobolds (D:1)
  A frilled lizard (D:1)
3 creatures vanquished.

Notes
Turn   | Place    | Note
-------+----------+-------------------------------------------
     0 | D:1      | HallandMoats the Ghoul Fighter began the quest for the Orb.
     0 | D:1      | Reached XP level 1. HP: 19/19 MP: 0/0
   204 | D:1      | Slain by a goblin

Illustrated notes

Levels and vault maps discovered:
D:1:      shiori_shiawase, layout_loops_ring, kennysheep_decorative_pillar

Action                   || total
-------------------------++-------
Melee: Unarmed           ||     5
Armor: Scale mail        ||     2
Dodge: Dodged            ||     1

Table legend: (Time is in decaauts)
 A = Elapsed time spent in this place.
 B = Non-inter-level travel time spent in this place.
 C = Inter-level travel time spent in this place.
 D = Time resting spent in this place.
 E = Time spent auto-exploring this place.
 F = Levels seen in this place.
 G = Mean time per level.
                   A        B        C        D        E       F      G
               +--------+--------+--------+--------+--------+-----+--------+
         Total |    203 |    203 |      0 |      0 |    178 |   1 |  203.0 |
       Dungeon |    203 |    203 |      0 |      0 |    178 |   1 |  203.0 |
               +--------+--------+--------+--------+--------+-----+--------+

Top non-repeatable levels by time:
     D:1: 203 daAuts
